 Dungeon Crawl Stone Soup version 0.26-a0-53-g45f243fec8 (webtiles) character file.

Game seed: 16165815275783840715

72 DerDa the Chiller (level 4, 0/30 HPs)
             Began as a Demonspawn Ice Elementalist on June 7, 2020.
             Slain by an orc
             ... wielding a +0 club
              (7 damage)
             ... on level 2 of the Dungeon.
             The game lasted 00:06:03 (1924 turns).

DerDa the Chiller (Demonspawn Ice Elementalist)     Turns: 1924, Time: 00:06:04

Health: 0/30       AC:  3    Str:  8    XL:     4   Next: 6%
Magic:  1/8        EV: 12    Int: 17    God:
Gold:   96         SH:  0    Dex: 20    Spells: 2/9 levels left

rFire    . . .     SeeInvis .   j - +0 falchion
rCold    . . .     Gourm    .   (no shield)
rNeg     . . .     Faith    .   a - +0 robe
rPois    .         Spirit   .   (no helmet)
rElec    .         Reflect  .   (no cloak)
rCorr    .         Harm     .   (no gloves)
MR       .....                  i - +0 pair of boots
Stlth    ++........             (no amulet)
HPRegen  0.10/turn              g - +6 ring of dexterity
MPRegen  0.11/turn              (no ring)

@: no status effects
A: hooves 1, rot immunity
a: no special abilities


You were on level 2 of the Dungeon.
You were not hungry.

You visited 1 branch of the dungeon, and saw 3 of its levels.

You collected 96 gold pieces.

Inventory:

Hand Weapons
 b - a +0 club
 j - a +0 falchion (weapon)
Armour
 a - a +0 robe (worn)
 i - a +0 pair of boots (worn)
Jewellery
 g - a +6 ring of dexterity (left hand)
Scrolls
 d - 3 scrolls of remove curse {unknown}
 e - 4 scrolls of identify {unknown}
Potions
 f - 4 potions of curing {unknown}
Comestibles
 c - 4 rations
 h - 3 chunks of flesh


   Skills:
 - Level 1.7 Dodging
 - Level 1.7 Stealth
 * Level 3.1 Spellcasting
 * Level 4.4 Ice Magic


You had 2 spell levels left.
You knew the following spells:

 Your Spells              Type           Power        Failure   Level  Hunger
a - Freeze                Ice            ###.         2%          1    None
b - Frozen Ramparts       Ice            ###...       9%          3    ###....
c - Ozocubu's Armour      Chrm/Ice       ##......     21%         3    ###....

Your spell library contained the following spells:

 Spells                   Type           Power        Failure   Level  Hunger
 Beastly Appendage        Tmut           #.....       17%         1    None
 Sticks to Snakes         Tmut           #.......     26%         2    ##.....
 Spider Form              Tmut/Pois      #.........   45%         3    ###....
 Hailstorm                Conj/Ice       ##......     56%         4    ####...
 Ice Form                 Ice/Tmut       ##......     56%         4    ####...
 Summon Ice Beast         Ice/Summ       ##......     56%         4    ####...
 Blade Hands              Tmut           #.........   99%         5    ######.


Dungeon Overview and Level Annotations

Branches:
Dungeon (3/15)

Altars:
Trog


Innate Abilities, Weirdness & Mutations

You have large cloven feet.
You are immune to rotting.


Message History

Press: ? - help, Shift-Dir - straight line, f/p - orc
Aim: an orc, wielding a +0 war axe and wearing a +0 ring mail (moderately wounded)
You freeze the orc!
You kill the orc!
The orc hits you with a +0 club.
Casting: Freeze (safe; 2% risk of failure)
Confirm with . or Enter, or press ? or * to list all spells.
You don't have enough magic to cast that spell.
Unknown command.
You hit the orc.
The orc is almost dead.
The orc closely misses you.
You barely miss the orc.
The orc is almost dead.
The orc hits you with a +0 club. The orc hits you with a +0 club!
* * * LOW HITPOINT WARNING * * *
You closely miss the orc.
The orc is severely wounded.
The orc hits you with a +0 club!
You die...

######.##.......
#.##.......
#.##.......
#.##.......
#......≈≈##
#.....#§##⌠
########.....#≈#§≈
#.)..........<≈#≈.
#@....###.....≈#≈.
####.o#....#......'..
#................≈#≈.
#.........###.##.≈#§§
#.........##...##≈#≈≈
###########..#.##≈##⌠
###.##.#.§§##
#...##.#.###.
#######.####.#.##..


You could see an orc.

Vanquished Creatures
  2 adders
  An ooze (D:2)
  A dart slug (D:2)
  2 leopard geckos (D:1)
  An orc (D:2)
  3 giant cockroaches
  A goblin (D:2)
  7 hobgoblins
  3 jackals (D:2)
  3 kobolds
  3 quokkas
  A ball python (D:2)
  5 bats
  3 frilled lizards
  7 rats
43 creatures vanquished.

Notes
Turn   | Place    | Note
-------+----------+-------------------------------------------
     0 | D:1      | DerDa the Demonspawn Ice Elementalist began the quest for
                  | the Orb.
     0 | D:1      | Reached XP level 1. HP: 13/13 MP: 3/3
   195 | D:1      | Gained mutation: You are immune to rotting. [demonic
                  | ancestry]
   195 | D:1      | Reached XP level 2. HP: 4/19 MP: 0/5
   860 | D:1      | Reached skill level 4 in Ice Magic
  1260 | D:2      | Reached XP level 3. HP: 21/24 MP: 0/7
  1297 | D:2      | Learned a level 3 spell: Frozen Ramparts
  1301 | D:2      | Learned a level 3 spell: Ozocubu's Armour
  1806 | D:2      | Found a bloodstained altar of Trog.
  1906 | D:3      | Gained mutation: You have large cloven feet. [demonic
                  | ancestry]
  1906 | D:3      | Reached XP level 4. HP: 26/30 MP: 0/8
  1924 | D:2      | Slain by an orc

Illustrated notes

Levels and vault maps discovered:
D:1:      dpeg_arrival_erosion, layout_rooms, minmay_tromino_v4_b
D:2:      layout_rooms, lightli_temple_of_fire, first_ration
D:3:      layout_rooms, overflow_temple_1_default, uniq_jessica

Skill      XL: |  1  2  3 |
---------------+----------+-----
Ice Magic      | 4 |  4.4
Spellcasting   | 3 |  3.1
Dodging        | |  1.7
Stealth        | |  1.7

Action                   |  1- 3 |  4- 6 || total
-------------------------+-------+-------++-------
Melee: Club              |     6 |       ||     6
       Falchion          |       |     3 ||     3
 Cast: Freeze            |    67 |     3 ||    70
  Eat: Chunk             |     3 |       ||     3
Armor: Robe              |    16 |       ||    16
Dodge: Dodged            |    50 |     3 ||    53
       Rpst.: Falchion   |     3 |     1 ||     4

Table legend:
 A = Non-vault XP
 B = Vault XP
 C = Vault XP percentage of total XP
 D = Non-vault monster count
 E = Vault monster count
 F = Vault count percentage of total count
                 A         B        C        D         E       F
            +---------+---------+-------+---------+---------+-------
      Total |      98 |       5 |   4.9 |      41 |       2 |   4.7
            +---------+---------+-------+---------+---------+-------
        D:1 |      21 |       5 |  19.2 |      12 |       2 |  14.3
        D:2 |      58 |       0 |   0.0 |      24 |       0 |   0.0
        D:3 |      19 |       0 |   0.0 |       5 |       0 |   0.0
            +---------+---------+-------+---------+---------+-------
